 Dungeon Crawl Stone Soup version 0.28.0-45-g0d030f2227 (webtiles) character file.

Game seed: 17176952567408782629

1047 CuBeRJAN3 the Magician (level 8, -1/58 HPs)
             Began as a Djinni Conjurer on Apr 1, 2022.
             Slain by a gnoll
             ... wielding a +0 whip
              (6 damage)
             ... on level 5 of the Dungeon on Apr 2, 2022.
             The game lasted 00:22:51 (8368 turns).

CuBeRJAN3 the Magician (Djinni Conjurer)            Turns: 8368, Time: 00:22:52

Health: -1/58      AC:  4    Str:  6    XL:     8   Next: 50%
Gold:   283        EV: 13    Int: 21    God:
                   SH:  0    Dex: 13

rFire   + + .      SeeInvis .   l - +0 dagger
rCold   x . .      Faith    .   (no shield)
rNeg    . . .      Spirit   .   a - +0 robe
rPois   ∞          Reflect  .   p - +1 hat
rElec   .          Harm     .   (no cloak)
rCorr   .          Rampage  .   s - +0 pair of gloves
Will    .....                   (boots unavailable)
Stlth   ++........              (no amulet)
HPRegen 0.19/turn               (no ring)
MPRegen 0.00/turn               (no ring)

@: about to teleport, flying
A: sickness immunity, fire resistance 2, cold vulnerability 1, float, innate
caster, HP casting, extra vitality 1
a: no special abilities


You were on level 5 of the Dungeon.
You visited 1 branch of the dungeon, and saw 6 of its levels.

You collected 283 gold pieces.

Inventory:

Hand Weapons
 l - a +0 dagger (weapon)
Armour
 a - a +0 robe (worn)
 p - a +1 hat (worn)
 s - a +0 pair of gloves (worn)
Jewellery
 c - a ring of protection from fire
Wands
 m - a wand of flame (49)
Scrolls
 b - a scroll of enchant armour {unknown}
 d - a scroll of blinking {unknown}
 f - a scroll of amnesia {unknown}
 h - 4 scrolls of teleportation
 i - a scroll of fear {unknown}
 n - a scroll of fog {unknown}
 q - a scroll of immolation {unknown}
 r - 3 scrolls of identify {unknown}
 t - a scroll of silence {unknown}
 v - a scroll of noise {unknown}
Potions
 e - a potion of lignification {unknown}
 g - 2 potions of might {unknown}
 j - 2 potions of cancellation {unknown}
 k - 2 potions of curing {unknown}
 o - a potion of mutation {unknown}
 u - a potion of magic {unknown}
 w - a potion of berserk rage {unknown}
 x - a potion of flight {unknown}


   Skills:
 + Level 4.0 Fighting
 + Level 5.0 Dodging
 + Level 4.0 Stealth
 * Level 5.6 Spellcasting


You couldn't memorise any spells.
You knew the following spells:

 Your Spells              Type           Power      Damage    Failure   Level
a - Magic Dart            Conj           100%       1d8       1%          1
b - Searing Ray           Conj           58%        2d6       1%          2
c - Dazzling Flash        Conj/Hex       58%        N/A       3%          3
d - Fulminant Prism       Conj/Hex       14%        3d9       10%         4
e - Iskenderun's Mystic   Conj/Tloc      29%        2d7       10%         4
f - Beastly Appendage     Tmut           58%        N/A       1%          1
g - Passwall              Tmut/Erth      24%        N/A       1%          2
h - Corpse Rot            Necr/Air       58%        N/A       1%          2
Your spell library was empty.

Dungeon Overview and Level Annotations

Branches:
Dungeon (6/15)
 Temple: D:4-7

Altars:
Ashenzari
Cheibriados
Gozag
Qazlal
Zin

Shops:
D:2 [=(   D:5 [

Annotations:
D:3 Grinder
D:4 2 transporters, exclusions: downstairs and 1 more exclusion, DearestLeader's ghost, novice GnFi
D:5 Pikel


Innate Abilities, Weirdness & Mutations

You are immune to sickness and miasma.
You are immune to poison.
Your flesh is very heat resistant. (rF++)
You are vulnerable to cold. (rC-)
You float through the air rather than walking.
You learn spells naturally, not from books.
Your magical power is your life essence.
You have superior vitality. (+4 MHP)


Message History

You finish channelling your searing ray.
Your Fighting skill increases to level 4!
Your Dodging skill increases to level 5!
Casting: Searing Ray (safe; 1% risk of failure)
Confirm with . or Enter, or press ? or * to list all spells.
Aiming: Searing Ray (safe; 1% risk of failure)
Press: ? - help, Shift-Dir - straight line, f - gnoll
Aim: a gnoll, wielding a +0 whip and carrying a wand of paralysis (1) (fast, 82% to hit)
The searing ray hits the gnoll.
The gnoll is moderately wounded.
The searing ray hits the gnoll.
The gnoll is heavily wounded. (Press . to maintain the ray.)
The gnoll barely misses you.
The gnoll zaps a wand.
You suddenly lose the ability to move!
The now-empty wand crumbles to dust.
The gnoll hits you with a +0 club. The gnoll barely misses you.
The gnoll hits you with a +0 club. The gnoll hits you with a +0 whip!
The gnoll hits you with a +0 whip. The gnoll hits you with a +0 club.
The gnoll hits you with a +0 whip. The gnoll hits you with a +0 club.
The gnoll hits you but does no damage. The gnoll hits you with a +0 whip.
* * * LOW HITPOINT WARNING * * *
The gnoll hits you with a +0 club.
* * * LOW HITPOINT WARNING * * *
You can move again.
Unknown command.
There is a stone staircase leading up here.
Unknown command.
The gnoll misses you. The gnoll hits you but does no damage.
You fly upwards.
Level annotation: Pikel
There is a stone staircase leading down here.
The gnoll hits you with a +0 whip!
* * * LOW HITPOINT WARNING * * *
As you read the scroll of teleportation, it crumbles to dust.
You feel strangely unstable. The gnoll hits you with a +0 whip.
* * * LOW HITPOINT WARNING * * *
The gnoll hits you with a +0 whip.
You die...

#.........#.....#
#..
#.........#.....#
#..
#.........#.....#
#..
#.........#.....#
#..
#.........###...#
#..
#####.......#..>####
#.. #.......'......#
... #.......#.g....#
#...
#.......#.@....#
#.......#......#
#.......########
#########


You could see a gnoll (fast).

Vanquished Creatures
  A necrophage (D:5)
  2 phantoms (D:4)
  3 lemures (D:5)
  A gnoll sergeant (D:5)
  A water moccasin zombie (D:5)
  2 howler monkeys
  A centaur zombie (D:4)
  A bullfrog zombie (D:5)
  3 hounds
  A gnoll shaman (D:6)
  An iguana (D:5)
  Terence (D:3)
  2 scorpion zombies (D:4)
  Natasha (thrice) (D:3)
  A hound zombie (D:4)
  Robin (D:3)
  A howler monkey skeleton (D:4)
  5 adders
  7 gnolls
  An adder zombie (D:4)
  An adder skeleton (D:4)
  3 worms
  2 dart slugs
  4 orcs
  6 bats
  3 endoplasms
  3 giant cockroaches
  16 goblins
  7 hobgoblins
  10 jackals
  3 quokkas
  6 ball pythons
  2 frilled lizards (D:1)
  8 kobolds
  2 rats
115 creatures vanquished.

Vanquished Creatures (others)
  2 fulminant prisms
  3 withered plants (D:4)
5 creatures vanquished.

Grand Total: 120 creatures vanquished

Notes
Turn   | Place    | Note
-------+----------+-------------------------------------------
     0 | D:1      | CuBeRJAN3 the Djinni Conjurer began the quest for the Orb.
     0 | D:1      | Reached XP level 1. HP: 15/15 MP: 0/0
   563 | D:1      | Reached XP level 2. HP: 20/22 MP: 0/0
  1378 | D:1      | Reached XP level 3. HP: 22/26 MP: 0/0
  1378 | D:1      | Learned a level 1 spell: Beastly Appendage
  1638 | D:2      | Found Plog's Jewellery Shoppe.
  1653 | D:2      | Found Ugomocw's Antique Armour Boutique.
  1706 | D:2      | Reached skill level 1 in Fighting
  2033 | D:2      | Reached XP level 4. HP: 27/32 MP: 0/0
  2818 | D:2      | Found Xayd's Antique Weapon Shoppe.
  2952 | D:2      | Found a faded altar of an unknown god.
  3548 | D:3      | Noticed Terence
  3566 | D:3      | Killed Terence
  3567 | D:3      | Reached XP level 5. HP: 25/37 MP: 0/0
  3567 | D:3      | Learned a level 2 spell: Passwall
  3763 | D:3      | Noticed Robin
  3938 | D:3      | Killed Robin
  4194 | D:3      | Noticed Grinder
  4210 | D:3      | Noticed Natasha
  4235 | D:3      | Found an opulent altar of Gozag.
  4250 | D:3      | HP: 1/38 [Natasha/magic dart (5)]
  4600 | D:3      | Killed Natasha
  4650 | D:3      | Noticed Natasha
  4653 | D:3      | Killed Natasha
  4654 | D:3      | Reached XP level 6. HP: 35/43 MP: 0/0
  4876 | D:3      | Paralysed by Grinder for 4 turns
  4902 | D:3      | Noticed Natasha
  5079 | D:3      | Found a snail-covered altar of Cheibriados.
  5271 | D:3      | Killed Natasha
  5632 | D:4      | Found a transporter.
  5632 | D:4      | Noticed an orc warrior
  5634 | D:4      | Noticed an ogre
  5635 | D:4      | Noticed DearestLeader's ghost (novice GnFi)
  5639 | D:4      | Found a transporter.
  5797 | D:4      | Reached XP level 7. HP: 44/49 MP: 0/0
  5797 | D:4      | Learned a level 2 spell: Corpse Rot
  6163 | D:4      | Found a broken altar of Ashenzari.
  6164 | D:4      | Found a stormy altar of Qazlal.
  6167 | D:4      | Found a glowing silver altar of Zin.
  6903 | D:5      | Entered Level 5 of the Dungeon
  6958 | D:5      | Noticed Pikel
  7336 | D:5      | Reached skill level 5 in Spellcasting
  7457 | D:5      | Found Ycsip's Armour Emporium.
  7522 | D:5      | Reached XP level 8. HP: 37/56 MP: 0/0
  8337 | D:6      | Found the +3 sling "Punk" {acid, rCorr}
  8355 | D:6      | Reached skill level 5 in Dodging
  8355 | D:6      | Paralysed by a gnoll for 6 turns
  8368 | D:5      | Slain by a gnoll

Illustrated notes

Levels and vault maps discovered:
D:1:      wheals_arrival_linesprint, layout_basic, columned_hall_lemuel
D:2:      layout_basic, shapermc_ecumenical_altar_acropolis, serial_shops,
          nicolae_lakefront_shop, shop, shop, kennysheep_generic_room_9
D:3:      minmay_bubble_buster, layout_basic,
          nicolae_gozag_cash_rules_everything_around_me, kennysheep_slug_shrine,
          minmay_misc_feat_square, uniq_natasha, uniq_terence, uniq_robin,
          uniq_grinder
D:4:      layout_basic, nicolae_overflow_hidden_temple, gammafunk_ghost_arena,
          serial_undead, serial_undead_e, serial_undead_b, serial_undead_e,
          serial_undead_c
D:5:      layout_gridville, serial_shops, nicolae_take_the_stairs, uniq_pikel
D:6:      layout_loops_ring, minmay_temple_entry_glassed_door,
          hangedman_decor_riveting, uniq_crazy_yiuf_cottage

Skill      XL: |  1  2  3  4  5  6  7  8 |
---------------+-------------------------+-----
Fighting       | 1 2 3 4 |  4.0
Stealth        | 2 3 4 |  4.0
Dodging        | 3 4 5 |  5.0
Spellcasting   | 4 5 |  5.6

Action                   |  1- 3 |  4- 6 |  7- 9 || total
-------------------------+-------+-------+-------++-------
Melee: Dagger            |       |     1 |     5 ||     6
       Punch             |       |       |     1 ||     1
 Cast: Magic Dart        |    37 |    64 |    37 ||   138
       Searing Ray       |    15 |    34 |    34 ||    83
       Fulminant Prism   |       |       |     2 ||     2
       Passwall          |       |       |     1 ||     1
  Use: Scroll            |       |     1 |     1 ||     2
Armor: Robe              |     1 |     5 |    15 ||    21
Dodge: Dodged            |     3 |    27 |    39 ||    69
